[ AOE2 MATCH · #473286752 ]
UnrankedTeutons vs Turks
[ REPLAY ANALYSIS · EXTRACTED FROM THE RECORDED GAME ]
Feudal
—
Castle
—
Imperial
—
| APM avg | 12.4 |
| APM peak | 42 |
| eAPM avg | 7.1 |
| Villagers / military | 70 / 55 |
Focus
⚔️ 27.0% · 🌾 73.0%
Fishing Ship ×40 · Spearman ×11 · Archer ×9 · Unknown (2626) ×9 · Galley ×8 · Fire Galley ×7
Feudal
15:12
Castle
28:08
Imperial
—
| APM avg | 34.7 |
| APM peak | 114 |
| eAPM avg | 11.7 |
| Villagers / military | 59 / 145 |
Focus
⚔️ 38.9% · 🌾 61.1%
Scout Cavalry ×76 · Camel Scout ×42 · Fishing Ship ×41 · Demolition Raft ×25 · Spearman ×2
Feudal
13:38
Castle
29:34
Imperial
—
| APM avg | 8.8 |
| APM peak | 24 |
| eAPM avg | 6.5 |
| Villagers / military | 68 / 64 |
Focus
⚔️ 35.3% · 🌾 64.7%
Steppe Lancer ×29 · Scout Cavalry ×10 · Fire Lancer ×8 · Scorpion ×7 · Spearman ×6 · Iron Pagoda ×3
Feudal
16:14
Castle
19:05
Imperial
40:39
| APM avg | 13.5 |
| APM peak | 39 |
| eAPM avg | 9.1 |
| Villagers / military | 113 / 213 |
Focus
⚔️ 33.4% · 🌾 66.6%
Battle Elephant ×80 · Knight ×70 · Scorpion ×47 · Fire Galley ×10 · Trebuchet (Packed) ×6
Feudal
15:47
Castle
20:34
Imperial
41:25
| APM avg | 17.2 |
| APM peak | 36 |
| eAPM avg | 10.2 |
| Villagers / military | 76 / 193 |
Focus
⚔️ 53.5% · 🌾 46.5%
Cavalry Archer ×138 · Tarkan ×39 · Fishing Ship ×8 · Trebuchet (Packed) ×7 · Battering Ram ×5 · Unknown (1795) ×4
Feudal
16:29
Castle
20:04
Imperial
40:16
| APM avg | 18.8 |
| APM peak | 63 |
| eAPM avg | 11.2 |
| Villagers / military | 67 / 175 |
Focus
⚔️ 37.9% · 🌾 62.1%
Organ Gun ×168 · Trebuchet (Packed) ×6 · Monk ×1
Feudal
13:33
Castle
22:52
Imperial
52:55
| APM avg | 17.8 |
| APM peak | 55 |
| eAPM avg | 13.4 |
| Villagers / military | 84 / 325 |
Focus
⚔️ 39.6% · 🌾 60.4%
Jaguar Warrior ×303 · Battering Ram ×16 · Spearman ×5 · Unknown (2626) ×4 · Monk ×1 · Unknown (2633) ×1
Feudal
18:28
Castle
22:34
Imperial
50:35
| APM avg | 15.5 |
| APM peak | 51 |
| eAPM avg | 9.4 |
| Villagers / military | 140 / 93 |
Focus
⚔️ 31.1% · 🌾 68.9%
Knight ×74 · Battering Ram ×19
Match map
Initial resources + every placement click. Lines = walls · curves = elevation contours. ◆ gold · ⬟ stone · ● berries · ✦ relic · ◌ wall gap
Your base· ✓ Closed at 29:29 · 108t walls · 1 gate(s)
alvarorincon10's base· Open — unwalled flank
GhetttoOthello's base· Open — 7t gap
Marvel_123's base· Open — unwalled flank
carlos_lb's base· Open — 5t gap
蹲牢里大口干饭's base· Open — unwalled flank
BALTHA's base· Open — unwalled flank
噜噜啊噜噜噜噜噜's base· Open — 6t gap
Smoothed initial terrain · ◌ = detected wall gap · hover for details
Inputs per minute
— blader236 - - alvarorincon10
Build order — blader236
First 150 of 282 actions detected
| 2:30 | Build | Town Center |
| 5:02 | Create | Villager (Male) |
| 5:02 | Create | Villager (Male) |
| 5:02 | Create | Villager (Male) |
| 5:03 | Create | Villager (Male) |
| 5:03 | Create | Villager (Male) |
| 5:10 | Build | House |
| 5:11 | Build | House |
| 5:12 | Build | House |
| 6:59 | Build | Mill |
| 7:09 | Research | Loom |
| 8:03 | Create | Villager (Male) |
| 8:03 | Create | Villager (Male) |
| 8:43 | Create | Villager (Male) |
| 8:43 | Create | Villager (Male) |
| 9:54 | Build | Dock |
| 10:01 | Create | Villager (Male) |
| 10:02 | Create | Villager (Male) |
| 10:37 | Create | Fishing Ship |
| 10:37 | Create | Fishing Ship |
| 10:37 | Create | Fishing Ship |
| 10:49 | Create | Villager (Male) |
| 10:50 | Create | Villager (Male) |
| 11:06 | Create | Fishing Ship |
| 11:07 | Create | Fishing Ship |
| 11:48 | Create | Fishing Ship |
| 11:48 | Create | Fishing Ship |
| 12:37 | Create | Fishing Ship |
| 13:23 | Create | Villager (Male) |
| 13:23 | Create | Villager (Male) |
| 13:23 | Create | Villager (Male) |
| 13:27 | Create | Fishing Ship |
| 13:27 | Create | Fishing Ship |
| 13:27 | Create | Fishing Ship |
| 13:41 | Build | House |
| 14:33 | Build | Farm |
| 14:57 | Build | Farm |
| 15:01 | Build | Farm |
| 15:08 | Build | Farm |
| 15:32 | Create | Fishing Ship |
| 15:32 | Create | Fishing Ship |
| 15:39 | Research | Feudal Age |
| 16:21 | Build | Mining Camp |
| 16:29 | Create | Villager (Male) |
| 16:29 | Create | Villager (Male) |
| 16:30 | Create | Villager (Male) |
| 16:30 | Create | Villager (Male) |
| 16:40 | Create | Fishing Ship |
| 16:40 | Create | Fishing Ship |
| 18:01 | Build | Lumber Camp |
| 18:16 | Create | Unit 2626 |
| 18:32 | Build | House |
| 18:34 | Build | House |
| 18:36 | Build | House |
| 18:56 | Research | Wheelbarrow |
| 20:14 | Build | Farm |
| 20:18 | Research | Horse Collar |
| 20:42 | Build | Barracks |
| 22:04 | Build | Stone Wall |
| 22:10 | Build | Stone Wall |
| 22:21 | Build | Stone Wall |
| 22:32 | Build | Stone Wall |
| 22:44 | Build | Stone Wall |
| 23:01 | Create | Villager (Male) |
| 23:01 | Create | Villager (Male) |
| 23:02 | Create | Villager (Male) |
| 23:02 | Create | Villager (Male) |
| 23:11 | Build | Blacksmith |
| 23:27 | Build | Market |
| 23:35 | Build | Farm |
| 23:40 | Build | Farm |
| 23:57 | Build | Farm |
| 24:47 | Create | Villager (Male) |
| 24:47 | Create | Villager (Male) |
| 24:48 | Create | Villager (Male) |
| 25:16 | Build | Stone Wall |
| 25:24 | Build | Farm |
| 25:35 | Build | Mining Camp |
| 25:56 | Create | Villager (Male) |
| 25:56 | Create | Villager (Male) |
| 25:56 | Create | Villager (Male) |
| 25:59 | Create | Villager (Male) |
| 26:00 | Create | Villager (Male) |
| 26:00 | Create | Villager (Male) |
| 26:00 | Create | Villager (Male) |
| 26:01 | Create | Villager (Male) |
| 26:44 | Build | Stone Wall |
| 26:50 | Build | Stone Wall |
| 26:59 | Build | Stone Wall |
| 27:09 | Create | Spearman |
| 27:09 | Create | Spearman |
| 27:09 | Create | Spearman |
| 27:10 | Create | Spearman |
| 27:10 | Create | Spearman |
| 27:10 | Create | Spearman |
| 27:10 | Create | Spearman |
| 27:31 | Build | House |
| 27:33 | Build | House |
| 27:34 | Build | House |
| 28:51 | Build | Gate |
| 29:08 | Create | Spearman |
| 29:08 | Create | Spearman |
| 29:29 | Research | Castle Age |
| 29:39 | Build | Archery Range |
| 30:02 | Build | Watch Tower |
| 30:07 | Build | Watch Tower |
| 30:11 | Build | Watch Tower |
| 30:36 | Create | Spearman |
| 30:36 | Create | Spearman |
| 31:21 | Build | Gate |
| 31:30 | Create | Skirmisher |
| 31:30 | Create | Skirmisher |
| 31:30 | Create | Skirmisher |
| 31:30 | Create | Skirmisher |
| 31:36 | Build | House |
| 31:44 | Create | Villager (Male) |
| 31:44 | Create | Villager (Male) |
| 31:44 | Create | Villager (Male) |
| 31:45 | Create | Villager (Male) |
| 31:45 | Create | Villager (Male) |
| 32:43 | Research | Gold Mining |
| 33:59 | Build | House |
| 34:01 | Build | House |
| 34:03 | Build | House |
| 34:07 | Build | House |
| 34:08 | Build | House |
| 34:09 | Build | House |
| 34:10 | Build | House |
| 34:55 | Build | Lumber Camp |
| 35:17 | Create | Villager (Male) |
| 35:17 | Create | Villager (Male) |
| 38:31 | Build | Lumber Camp |
| 39:59 | Build | Town Center |
| 40:15 | Create | Unit 2626 |
| 40:27 | Create | Trade Cog |
| 40:28 | Research | War Galley (upgrade) |
| 40:29 | Create | Galley |
| 40:31 | Create | Galley |
| 40:32 | Create | Unit 2626 |
| 40:34 | Create | Galley |
| 40:53 | Create | Villager (Male) |
| 40:53 | Create | Villager (Male) |
| 41:20 | Build | Lumber Camp |
| 42:09 | Build | Mining Camp |
| 43:18 | Build | Dock |
| 43:33 | Build | House |
| 43:35 | Build | House |
| 43:38 | Build | House |
| 43:49 | Research | Double-Bit Axe |
| 44:42 | Build | Siege Workshop |
Build order — alvarorincon10
First 150 of 325 actions detected
| 1:49 | Build | Town Center |
| 3:04 | Build | House |
| 4:18 | Create | Villager (Male) |
| 4:18 | Create | Villager (Male) |
| 4:19 | Create | Villager (Male) |
| 4:19 | Create | Villager (Male) |
| 4:38 | Build | House |
| 6:02 | Create | Villager (Male) |
| 6:03 | Create | Villager (Male) |
| 6:19 | Build | Dock |
| 6:33 | Create | Villager (Male) |
| 6:33 | Create | Villager (Male) |
| 7:17 | Create | Villager (Male) |
| 7:18 | Create | Villager (Male) |
| 7:37 | Create | Villager (Male) |
| 7:38 | Create | Villager (Male) |
| 8:23 | Create | Villager (Male) |
| 8:24 | Create | Villager (Male) |
| 9:04 | Create | Fishing Ship |
| 9:05 | Create | Fishing Ship |
| 9:38 | Create | Villager (Male) |
| 9:39 | Create | Villager (Male) |
| 9:45 | Research | Loom |
| 9:47 | Build | House |
| 9:53 | Create | Villager (Male) |
| 10:12 | Build | Lumber Camp |
| 10:23 | Create | Villager (Male) |
| 10:23 | Create | Villager (Male) |
| 10:44 | Create | Villager (Male) |
| 10:55 | Create | Fishing Ship |
| 11:10 | Create | Villager (Male) |
| 11:24 | Build | House |
| 11:45 | Create | Fishing Ship |
| 11:57 | Create | Villager (Male) |
| 12:21 | Create | Villager (Male) |
| 13:02 | Research | Feudal Age |
| 13:11 | Create | Fishing Ship |
| 13:17 | Build | House |
| 13:27 | Build | Barracks |
| 13:40 | Create | Fishing Ship |
| 14:30 | Build | Dock |
| 15:05 | Build | House |
| 15:11 | Create | Fishing Ship |
| 15:12 | Age | Feudal Age |
| 15:36 | Create | Villager (Male) |
| 15:40 | Build | Stable |
| 15:45 | Create | Villager (Male) |
| 15:45 | Create | Villager (Male) |
| 15:48 | Research | Double-Bit Axe |
| 16:15 | Build | House |
| 16:32 | Create | Villager (Male) |
| 17:14 | Build | Stable |
| 17:19 | Build | Blacksmith |
| 17:24 | Create | Scout Cavalry |
| 17:25 | Create | Scout Cavalry |
| 17:29 | Create | Villager (Male) |
| 17:29 | Create | Villager (Male) |
| 17:51 | Build | Mining Camp |
| 17:53 | Create | Villager (Male) |
| 17:54 | Create | Villager (Male) |
| 18:03 | Create | Scout Cavalry |
| 18:14 | Build | House |
| 18:22 | Create | Villager (Male) |
| 18:35 | Create | Scout Cavalry |
| 19:05 | Create | Demolition Raft |
| 19:10 | Research | Forging |
| 19:15 | Create | Scout Cavalry |
| 19:24 | Build | House |
| 19:27 | Create | Scout Cavalry |
| 19:42 | Create | Demolition Raft |
| 20:10 | Create | Demolition Raft |
| 20:19 | Research | Tech 906 |
| 20:25 | Create | Villager (Male) |
| 20:31 | Build | House |
| 20:32 | Build | House |
| 21:08 | Build | Mill |
| 21:30 | Research | Bloodlines |
| 22:07 | Build | Market |
| 22:11 | Create | Demolition Raft |
| 22:13 | Create | Demolition Raft |
| 22:16 | Create | Demolition Raft |
| 22:16 | Create | Demolition Raft |
| 22:49 | Build | Mining Camp |
| 23:14 | Create | Villager (Male) |
| 23:14 | Create | Villager (Male) |
| 23:20 | Create | Demolition Raft |
| 23:22 | Create | Demolition Raft |
| 24:04 | Create | Villager (Male) |
| 25:28 | Research | Castle Age |
| 26:07 | Create | Villager (Male) |
| 26:07 | Create | Villager (Male) |
| 27:11 | Create | Villager (Male) |
| 27:12 | Create | Villager (Male) |
| 27:24 | Create | Demolition Raft |
| 27:24 | Create | Demolition Raft |
| 27:27 | Create | Demolition Raft |
| 27:27 | Create | Demolition Raft |
| 27:55 | Create | Fishing Ship |
| 27:58 | Create | Fishing Ship |
| 28:08 | Age | Castle Age |
| 28:29 | Build | Barracks |
| 28:30 | Build | Barracks |
| 29:12 | Create | Demolition Raft |
| 29:16 | Create | Demolition Raft |
| 30:06 | Build | Castle |
| 30:15 | Build | House |
| 30:30 | Build | House |
| 30:46 | Create | Villager (Male) |
| 30:46 | Create | Villager (Male) |
| 30:55 | Build | House |
| 30:56 | Build | House |
| 30:57 | Build | House |
| 31:00 | Research | Iron Casting |
| 31:59 | Create | Spearman |
| 31:59 | Create | Spearman |
| 32:09 | Build | Barracks |
| 32:11 | Build | Barracks |
| 32:24 | Build | Stable |
| 32:27 | Build | Stable |
| 32:30 | Build | Stable |
| 32:42 | Create | Villager (Male) |
| 32:42 | Create | Villager (Male) |
| 32:42 | Create | Villager (Male) |
| 32:45 | Create | Demolition Raft |
| 32:45 | Create | Demolition Raft |
| 32:46 | Create | Demolition Raft |
| 32:55 | Create | Demolition Raft |
| 32:55 | Create | Demolition Raft |
| 32:56 | Create | Demolition Raft |
| 33:07 | Research | Gillnets |
| 33:35 | Build | Castle |
| 33:41 | Create | Camel Scout |
| 33:41 | Create | Camel Scout |
| 33:58 | Create | Demolition Raft |
| 33:58 | Create | Demolition Raft |
| 34:19 | Create | Villager (Male) |
| 34:20 | Create | Villager (Male) |
| 34:20 | Create | Villager (Male) |
| 34:42 | Build | Farm |
| 34:43 | Build | Farm |
| 34:45 | Build | Farm |
| 34:46 | Build | Farm |
| 34:48 | Build | Farm |
| 34:50 | Build | Farm |
| 35:38 | Create | Camel Scout |
| 35:50 | Build | Farm |
| 35:53 | Build | Farm |
| 35:56 | Build | Farm |
| 35:59 | Build | Farm |
| 36:29 | Research | Husbandry |
Build order — GhetttoOthello
First 150 of 234 actions detected
| 1:23 | Build | Town Center |
| 3:18 | Build | House |
| 3:18 | Create | Villager (Male) |
| 3:19 | Create | Villager (Male) |
| 3:46 | Create | Villager (Male) |
| 3:54 | Create | Villager (Male) |
| 4:36 | Create | Villager (Male) |
| 5:29 | Create | Villager (Male) |
| 5:36 | Build | House |
| 6:09 | Create | Villager (Male) |
| 6:13 | Build | Mill |
| 6:38 | Create | Villager (Male) |
| 6:38 | Create | Villager (Male) |
| 7:19 | Create | Villager (Male) |
| 7:40 | Create | Villager (Male) |
| 7:56 | Create | Villager (Male) |
| 8:03 | Build | House |
| 8:30 | Create | Villager (Male) |
| 9:19 | Research | Loom |
| 9:20 | Create | Villager (Male) |
| 9:44 | Create | Villager (Male) |
| 10:10 | Create | Villager (Male) |
| 11:03 | Build | Lumber Camp |
| 11:03 | Create | Villager (Male) |
| 11:25 | Research | Feudal Age |
| 13:16 | Build | Mining Camp |
| 13:19 | Create | Villager (Male) |
| 13:20 | Create | Villager (Male) |
| 13:38 | Age | Feudal Age |
| 13:41 | Create | Villager (Male) |
| 13:42 | Create | Villager (Male) |
| 13:57 | Build | Pasture |
| 14:03 | Research | Tech 1014 |
| 14:10 | Build | House |
| 14:16 | Create | Villager (Male) |
| 14:26 | Build | House |
| 14:28 | Research | Double-Bit Axe |
| 14:34 | Build | Pasture |
| 14:37 | Build | Pasture |
| 14:41 | Build | Pasture |
| 14:44 | Create | Villager (Male) |
| 14:54 | Build | House |
| 15:19 | Build | Pasture |
| 15:21 | Create | Villager (Male) |
| 15:34 | Create | Villager (Male) |
| 15:42 | Research | Town Watch |
| 15:48 | Create | Villager (Male) |
| 16:11 | Build | Barracks |
| 16:16 | Create | Villager (Male) |
| 16:36 | Create | Villager (Male) |
| 16:57 | Build | Stable |
| 17:09 | Create | Villager (Male) |
| 17:49 | Build | Blacksmith |
| 17:52 | Create | Villager (Male) |
| 17:53 | Create | Villager (Male) |
| 17:57 | Build | Lumber Camp |
| 18:00 | Create | Spearman |
| 18:05 | Create | Scout Cavalry |
| 18:13 | Create | Villager (Male) |
| 18:25 | Build | Mining Camp |
| 18:27 | Create | Villager (Male) |
| 18:38 | Create | Scout Cavalry |
| 18:40 | Create | Villager (Male) |
| 19:06 | Create | Scout Cavalry |
| 19:10 | Create | Villager (Male) |
| 19:20 | Build | Pasture |
| 19:25 | Create | Scout Cavalry |
| 19:30 | Research | Gold Mining |
| 19:37 | Build | House |
| 19:46 | Create | Villager (Male) |
| 19:56 | Build | House |
| 20:00 | Build | House |
| 20:17 | Build | Pasture |
| 20:26 | Create | Villager (Male) |
| 20:35 | Create | Scout Cavalry |
| 20:53 | Research | Scale Barding Armor |
| 21:12 | Create | Villager (Male) |
| 21:23 | Create | Villager (Male) |
| 22:08 | Create | Villager (Male) |
| 22:14 | Create | Spearman |
| 22:46 | Build | Pasture |
| 22:47 | Build | Pasture |
| 22:48 | Build | Pasture |
| 22:49 | Build | Pasture |
| 22:50 | Build | Pasture |
| 22:51 | Build | Pasture |
| 23:17 | Build | Pasture |
| 23:28 | Build | Market |
| 23:58 | Create | Spearman |
| 24:26 | Research | Forging |
| 24:34 | Create | Scout Cavalry |
| 24:42 | Build | Pasture |
| 24:51 | Create | Scout Cavalry |
| 25:01 | Create | Spearman |
| 25:10 | Build | Watch Tower |
| 25:21 | Research | Fletching |
| 25:30 | Create | Spearman |
| 26:00 | Create | Spearman |
| 26:08 | Build | House |
| 26:12 | Build | Palisade Wall |
| 26:54 | Research | Castle Age |
| 27:58 | Create | Scout Cavalry |
| 28:31 | Build | Barracks |
| 28:41 | Create | Scout Cavalry |
| 29:01 | Create | Scout Cavalry |
| 29:18 | Create | Villager (Male) |
| 29:18 | Create | Villager (Male) |
| 29:18 | Create | Villager (Male) |
| 29:34 | Age | Castle Age |
| 30:06 | Build | Lumber Camp |
| 32:10 | Build | Town Center |
| 33:17 | Create | Villager (Male) |
| 33:17 | Create | Villager (Male) |
| 33:18 | Create | Villager (Male) |
| 33:30 | Build | Mining Camp |
| 33:55 | Build | Siege Workshop |
| 34:08 | Build | House |
| 34:09 | Build | House |
| 34:10 | Build | House |
| 34:11 | Build | House |
| 34:14 | Build | House |
| 34:24 | Create | Villager (Male) |
| 34:29 | Create | Scorpion |
| 34:37 | Create | Villager (Male) |
| 34:56 | Research | Stone Mining |
| 35:04 | Create | Villager (Male) |
| 35:31 | Create | Scorpion |
| 36:01 | Build | Mining Camp |
| 36:28 | Build | Pasture |
| 36:42 | Create | Scorpion |
| 37:00 | Build | Castle |
| 37:18 | Create | Scorpion |
| 37:25 | Build | Pasture |
| 37:36 | Build | Barracks |
| 37:51 | Build | Stable |
| 37:56 | Create | Villager (Male) |
| 38:44 | Create | Scorpion |
| 39:15 | Build | University |
| 39:17 | Create | Villager (Male) |
| 39:23 | Build | Pasture |
| 39:34 | Create | Unit 1920 |
| 39:59 | Build | Pasture |
| 40:10 | Research | Ballistics |
| 40:32 | Create | Villager (Male) |
| 40:36 | Build | House |
| 41:04 | Build | Pasture |
| 41:14 | Create | Villager (Male) |
| 41:18 | Create | Battering Ram |
| 41:33 | Build | Pasture |
| 41:39 | Build | Mining Camp |
Build order — Marvel_123
First 150 of 379 actions detected
| 0:39 | Build | Town Center |
| 2:38 | Build | House |
| 2:39 | Build | House |
| 3:18 | Research | Loom |
| 3:20 | Create | Villager (Male) |
| 3:20 | Create | Villager (Male) |
| 3:20 | Create | Villager (Male) |
| 3:20 | Create | Villager (Male) |
| 3:21 | Create | Villager (Male) |
| 5:17 | Create | Villager (Male) |
| 5:29 | Create | Villager (Male) |
| 6:01 | Create | Villager (Male) |
| 6:07 | Create | Villager (Male) |
| 6:52 | Create | Villager (Male) |
| 7:10 | Build | House |
| 7:12 | Build | House |
| 7:14 | Build | House |
| 7:24 | Create | Villager (Male) |
| 7:31 | Create | Villager (Male) |
| 7:57 | Create | Villager (Male) |
| 8:26 | Create | Villager (Male) |
| 8:43 | Build | Farm |
| 8:45 | Build | Farm |
| 8:49 | Build | Farm |
| 8:50 | Create | Villager (Male) |
| 8:56 | Build | Farm |
| 9:25 | Build | Farm |
| 9:36 | Create | Villager (Male) |
| 9:37 | Create | Villager (Male) |
| 9:38 | Create | Villager (Male) |
| 10:10 | Build | Farm |
| 10:31 | Create | Villager (Male) |
| 10:32 | Create | Villager (Male) |
| 10:39 | Build | Farm |
| 10:56 | Build | Farm |
| 11:17 | Create | Villager (Male) |
| 11:21 | Build | Farm |
| 11:34 | Build | Farm |
| 11:44 | Build | Farm |
| 11:48 | Create | Villager (Male) |
| 12:03 | Build | Farm |
| 12:18 | Build | Farm |
| 12:40 | Build | Farm |
| 12:49 | Create | Villager (Male) |
| 12:50 | Create | Villager (Male) |
| 12:51 | Create | Villager (Male) |
| 12:56 | Build | House |
| 12:58 | Build | House |
| 13:00 | Build | House |
| 13:18 | Build | House |
| 13:20 | Build | House |
| 13:25 | Build | House |
| 13:52 | Research | Feudal Age |
| 14:44 | Build | Farm |
| 14:45 | Build | Farm |
| 15:19 | Build | House |
| 15:20 | Build | House |
| 15:22 | Build | House |
| 15:23 | Build | House |
| 15:25 | Build | House |
| 15:26 | Build | House |
| 16:14 | Age | Feudal Age |
| 16:26 | Research | Castle Age |
| 16:52 | Build | Stable |
| 17:05 | Build | Stable |
| 17:14 | Create | Villager (Male) |
| 17:15 | Create | Villager (Male) |
| 17:15 | Create | Villager (Male) |
| 17:15 | Create | Villager (Male) |
| 18:11 | Research | Bloodlines |
| 19:05 | Age | Castle Age |
| 19:29 | Create | Knight |
| 19:29 | Create | Knight |
| 20:16 | Create | Villager (Male) |
| 20:20 | Create | Knight |
| 20:21 | Create | Knight |
| 20:21 | Create | Knight |
| 20:22 | Create | Knight |
| 21:15 | Create | Knight |
| 21:16 | Create | Knight |
| 21:19 | Create | Villager (Male) |
| 21:19 | Create | Villager (Male) |
| 21:20 | Create | Villager (Male) |
| 21:20 | Create | Villager (Male) |
| 21:50 | Build | Stable |
| 22:03 | Build | Stable |
| 22:12 | Create | Villager (Male) |
| 22:15 | Create | Knight |
| 22:16 | Create | Knight |
| 22:38 | Build | Lumber Camp |
| 23:15 | Create | Knight |
| 23:16 | Create | Knight |
| 24:01 | Build | Town Center |
| 24:21 | Create | Knight |
| 24:21 | Create | Knight |
| 24:22 | Create | Knight |
| 24:29 | Create | Villager (Male) |
| 24:30 | Create | Villager (Male) |
| 24:30 | Create | Villager (Male) |
| 24:30 | Create | Villager (Male) |
| 25:26 | Create | Knight |
| 25:26 | Create | Knight |
| 25:26 | Create | Knight |
| 26:10 | Create | Knight |
| 26:11 | Create | Knight |
| 26:11 | Create | Knight |
| 26:12 | Create | Knight |
| 26:13 | Create | Knight |
| 26:23 | Create | Villager (Male) |
| 26:23 | Create | Villager (Male) |
| 26:23 | Create | Villager (Male) |
| 26:24 | Create | Villager (Male) |
| 26:24 | Create | Villager (Male) |
| 26:24 | Create | Villager (Male) |
| 26:24 | Create | Villager (Male) |
| 26:48 | Create | Knight |
| 26:48 | Create | Knight |
| 28:16 | Create | Knight |
| 28:17 | Create | Knight |
| 28:17 | Create | Knight |
| 28:17 | Create | Knight |
| 28:18 | Create | Knight |
| 28:18 | Create | Knight |
| 28:38 | Create | Villager (Male) |
| 28:45 | Create | Villager (Male) |
| 28:45 | Create | Villager (Male) |
| 28:53 | Build | Farm |
| 28:54 | Build | Farm |
| 28:56 | Build | Farm |
| 28:59 | Create | Villager (Male) |
| 30:06 | Create | Knight |
| 30:07 | Create | Knight |
| 30:07 | Create | Knight |
| 30:07 | Create | Knight |
| 30:08 | Create | Knight |
| 30:17 | Build | Farm |
| 30:32 | Create | Villager (Male) ×2 |
| 30:36 | Create | Villager (Male) |
| 30:36 | Create | Villager (Male) |
| 31:01 | Create | Knight |
| 31:05 | Create | Knight |
| 31:13 | Build | Farm |
| 31:15 | Build | Farm |
| 31:19 | Build | Farm |
| 32:06 | Create | Villager (Male) ×5 |
| 32:08 | Create | Villager (Male) |
| 32:19 | Build | Mill |
| 32:20 | Build | Farm |
| 32:20 | Build | Farm |
| 32:21 | Build | Farm |
Build order — carlos_lb
First 150 of 368 actions detected
| 0:52 | Build | Town Center |
| 3:11 | Create | Villager (Male) |
| 3:11 | Create | Villager (Male) |
| 3:11 | Create | Villager (Male) |
| 3:12 | Create | Villager (Male) |
| 3:12 | Create | Villager (Male) |
| 4:05 | Build | Lumber Camp |
| 4:14 | Create | Villager (Male) |
| 5:05 | Create | Villager (Male) |
| 5:27 | Research | Loom |
| 5:54 | Create | Villager (Male) |
| 6:34 | Create | Villager (Male) |
| 7:14 | Create | Villager (Male) |
| 8:02 | Create | Villager (Male) |
| 8:39 | Build | Dock |
| 8:54 | Create | Villager (Male) |
| 8:55 | Create | Villager (Male) |
| 8:55 | Create | Villager (Male) |
| 9:46 | Create | Villager (Male) |
| 9:51 | Create | Villager (Male) |
| 10:30 | Create | Villager (Male) |
| 10:30 | Create | Villager (Male) |
| 10:31 | Create | Villager (Male) |
| 10:32 | Create | Villager (Male) |
| 11:01 | Create | Fishing Ship |
| 11:01 | Create | Fishing Ship |
| 11:02 | Create | Fishing Ship |
| 11:03 | Create | Fishing Ship |
| 11:16 | Create | Villager (Male) |
| 12:01 | Create | Villager (Male) |
| 12:01 | Create | Villager (Male) |
| 12:40 | Create | Villager (Male) |
| 13:19 | Build | Barracks |
| 13:37 | Research | Feudal Age |
| 13:59 | Build | Mining Camp |
| 14:07 | Create | Fishing Ship |
| 14:22 | Build | Mill |
| 15:09 | Create | Fishing Ship |
| 15:47 | Age | Feudal Age |
| 15:56 | Build | Archery Range |
| 16:02 | Build | Stable |
| 16:05 | Create | Villager (Male) |
| 16:31 | Create | Fishing Ship |
| 16:46 | Create | Villager (Male) |
| 17:10 | Create | Villager (Male) |
| 17:33 | Build | Palisade Gate |
| 17:54 | Research | Castle Age |
| 18:09 | Create | Scout Cavalry |
| 18:16 | Research | Bloodlines |
| 18:23 | Research | Double-Bit Axe |
| 18:31 | Build | Mining Camp |
| 19:31 | Build | Archery Range |
| 19:43 | Create | Fishing Ship |
| 20:34 | Age | Castle Age |
| 20:58 | Build | Blacksmith |
| 21:04 | Create | Cavalry Archer |
| 21:04 | Create | Cavalry Archer |
| 21:04 | Create | Cavalry Archer |
| 21:07 | Create | Cavalry Archer |
| 21:10 | Create | Villager (Male) |
| 21:10 | Create | Villager (Male) |
| 21:11 | Create | Villager (Male) |
| 21:11 | Create | Villager (Male) |
| 21:38 | Research | Gold Mining |
| 22:01 | Create | Cavalry Archer |
| 22:01 | Create | Cavalry Archer |
| 22:01 | Create | Cavalry Archer |
| 22:02 | Create | Cavalry Archer |
| 22:09 | Create | Villager (Male) |
| 22:36 | Research | Fletching |
| 22:47 | Create | Cavalry Archer |
| 22:48 | Create | Cavalry Archer |
| 22:53 | Create | Villager (Male) |
| 22:56 | Research | Bow Saw |
| 23:59 | Research | Husbandry |
| 24:02 | Create | Villager (Male) |
| 24:06 | Build | Town Center |
| 24:11 | Create | Villager (Male) |
| 24:20 | Create | Cavalry Archer |
| 24:20 | Create | Cavalry Archer |
| 24:21 | Create | Cavalry Archer |
| 24:21 | Create | Cavalry Archer |
| 24:21 | Create | Cavalry Archer |
| 24:21 | Create | Cavalry Archer |
| 24:22 | Create | Cavalry Archer |
| 24:22 | Create | Cavalry Archer |
| 24:22 | Create | Cavalry Archer |
| 25:26 | Create | Cavalry Archer |
| 25:26 | Create | Cavalry Archer |
| 25:27 | Create | Cavalry Archer |
| 25:27 | Create | Cavalry Archer |
| 25:27 | Create | Cavalry Archer |
| 25:28 | Create | Cavalry Archer |
| 25:29 | Create | Cavalry Archer |
| 25:35 | Build | Lumber Camp |
| 25:38 | Create | Villager (Male) |
| 25:38 | Create | Villager (Male) |
| 26:26 | Build | Siege Workshop |
| 26:37 | Research | Scale Barding Armor |
| 26:54 | Create | Villager (Male) |
| 26:54 | Create | Villager (Male) |
| 26:55 | Create | Villager (Male) |
| 27:15 | Create | Battering Ram |
| 27:16 | Create | Battering Ram |
| 27:23 | Build | Stable |
| 28:09 | Create | Battering Ram |
| 29:14 | Create | Cavalry Archer |
| 29:15 | Create | Cavalry Archer |
| 29:15 | Create | Cavalry Archer |
| 29:15 | Create | Cavalry Archer |
| 29:16 | Create | Cavalry Archer |
| 29:16 | Create | Cavalry Archer |
| 29:16 | Create | Cavalry Archer |
| 29:17 | Create | Cavalry Archer |
| 29:17 | Create | Cavalry Archer |
| 29:17 | Create | Cavalry Archer |
| 30:15 | Create | Cavalry Archer |
| 30:15 | Create | Cavalry Archer |
| 30:16 | Create | Cavalry Archer |
| 30:16 | Create | Cavalry Archer |
| 30:16 | Create | Cavalry Archer |
| 30:16 | Create | Cavalry Archer |
| 30:17 | Create | Cavalry Archer |
| 30:18 | Create | Cavalry Archer |
| 30:18 | Create | Cavalry Archer |
| 30:18 | Create | Cavalry Archer |
| 30:19 | Create | Cavalry Archer |
| 30:19 | Create | Cavalry Archer |
| 30:46 | Create | Villager (Male) |
| 30:46 | Create | Villager (Male) |
| 30:48 | Create | Villager (Male) |
| 30:48 | Create | Villager (Male) |
| 31:13 | Build | Town Center |
| 31:19 | Build | Mining Camp |
| 32:06 | Create | Villager (Male) |
| 32:06 | Create | Villager (Male) |
| 32:16 | Build | Castle |
| 32:21 | Build | Lumber Camp |
| 32:25 | Create | Villager (Male) |
| 32:25 | Create | Villager (Male) |
| 34:22 | Create | Cavalry Archer |
| 34:22 | Create | Cavalry Archer |
| 34:22 | Create | Cavalry Archer |
| 34:23 | Create | Cavalry Archer |
| 34:24 | Create | Cavalry Archer |
| 34:24 | Create | Cavalry Archer |
| 36:33 | Build | University |
| 36:38 | Build | Market |
| 36:44 | Build | Farm |
| 36:44 | Build | Farm |
Build order — 蹲牢里大口干饭
First 150 of 319 actions detected
| 2:03 | Build | Town Center |
| 4:02 | Create | Villager (Male) |
| 4:02 | Create | Villager (Male) |
| 4:10 | Build | House |
| 4:23 | Create | Villager (Male) |
| 4:23 | Create | Villager (Male) |
| 4:23 | Create | Villager (Male) |
| 4:58 | Build | House |
| 5:16 | Create | Villager (Male) |
| 5:17 | Create | Villager (Male) |
| 5:29 | Build | House |
| 6:21 | Build | Lumber Camp |
| 6:43 | Create | Villager (Male) |
| 6:43 | Create | Villager (Male) |
| 6:44 | Create | Villager (Male) |
| 7:36 | Create | Villager (Male) |
| 7:36 | Create | Villager (Male) |
| 8:12 | Create | Villager (Male) |
| 8:13 | Create | Villager (Male) |
| 8:42 | Create | Villager (Male) |
| 8:43 | Create | Villager (Male) |
| 8:59 | Build | Mill |
| 9:45 | Create | Villager (Male) |
| 9:45 | Create | Villager (Male) |
| 10:11 | Create | Villager (Male) |
| 10:11 | Create | Villager (Male) |
| 10:15 | Build | House |
| 10:29 | Build | Mill |
| 10:35 | Create | Villager (Male) |
| 10:35 | Create | Villager (Male) |
| 10:35 | Create | Villager (Male) |
| 11:39 | Build | Mining Camp |
| 12:17 | Create | Villager (Male) |
| 12:18 | Create | Villager (Male) |
| 12:18 | Create | Villager (Male) |
| 12:51 | Build | Mill |
| 13:34 | Create | Villager (Male) |
| 13:34 | Create | Villager (Male) |
| 14:10 | Build | House |
| 14:19 | Research | Feudal Age |
| 14:38 | Create | Villager (Male) |
| 14:39 | Create | Villager (Male) |
| 16:29 | Age | Feudal Age |
| 16:35 | Build | Market |
| 16:41 | Build | Blacksmith |
| 17:13 | Research | Stone Mining |
| 17:24 | Research | Castle Age |
| 17:24 | Research | Castle Age |
| 18:37 | Build | Mining Camp |
| 18:50 | Create | Villager (Male) |
| 18:50 | Create | Villager (Male) |
| 18:51 | Create | Villager (Male) |
| 18:51 | Create | Villager (Male) |
| 19:08 | Research | Gold Mining |
| 19:30 | Build | House |
| 19:31 | Build | House |
| 19:32 | Build | House |
| 20:04 | Age | Castle Age |
| 21:05 | Build | Castle |
| 21:27 | Build | Lumber Camp |
| 21:37 | Create | Villager (Male) |
| 21:37 | Research | Wheelbarrow |
| 21:57 | Build | Monastery |
| 22:02 | Build | Mining Camp |
| 22:46 | Create | Organ Gun |
| 22:46 | Create | Organ Gun |
| 22:46 | Create | Organ Gun |
| 22:47 | Create | Organ Gun |
| 22:47 | Create | Organ Gun |
| 23:28 | Create | Villager (Male) |
| 23:29 | Create | Villager (Male) |
| 23:29 | Create | Villager (Male) |
| 23:37 | Create | Organ Gun |
| 23:39 | Create | Organ Gun |
| 23:39 | Create | Organ Gun |
| 24:23 | Build | Mining Camp |
| 24:35 | Build | Mining Camp |
| 24:42 | Create | Villager (Male) |
| 24:42 | Create | Villager (Male) |
| 24:47 | Research | Double-Bit Axe |
| 25:08 | Create | Organ Gun |
| 25:08 | Create | Organ Gun |
| 25:21 | Create | Monk |
| 25:26 | Research | Bow Saw |
| 25:37 | Create | Organ Gun |
| 25:37 | Create | Organ Gun |
| 26:10 | Create | Organ Gun |
| 26:10 | Create | Organ Gun |
| 26:11 | Create | Organ Gun |
| 26:33 | Create | Organ Gun |
| 26:33 | Create | Organ Gun |
| 26:34 | Create | Organ Gun |
| 26:44 | Create | Villager (Male) |
| 26:44 | Create | Villager (Male) |
| 26:44 | Create | Villager (Male) |
| 26:59 | Research | Horse Collar |
| 27:02 | Create | Villager (Male) |
| 27:02 | Create | Villager (Male) |
| 27:18 | Build | Farm |
| 28:19 | Create | Organ Gun |
| 28:19 | Create | Organ Gun |
| 28:19 | Create | Organ Gun |
| 28:33 | Create | Organ Gun |
| 28:34 | Create | Organ Gun |
| 28:43 | Build | Farm |
| 28:44 | Build | Farm |
| 28:44 | Build | Farm |
| 28:46 | Build | Farm |
| 29:08 | Build | Lumber Camp |
| 29:31 | Create | Organ Gun |
| 29:31 | Create | Organ Gun |
| 29:43 | Build | Farm |
| 30:31 | Create | Organ Gun |
| 30:32 | Create | Organ Gun |
| 31:58 | Create | Villager (Male) |
| 31:58 | Create | Villager (Male) |
| 32:00 | Research | Hand Cart |
| 32:09 | Research | Heavy Plow |
| 32:17 | Build | Lumber Camp |
| 32:22 | Create | Organ Gun |
| 32:23 | Create | Organ Gun |
| 32:23 | Create | Organ Gun |
| 32:24 | Create | Organ Gun |
| 32:24 | Create | Organ Gun |
| 32:24 | Create | Organ Gun |
| 32:25 | Create | Organ Gun |
| 32:25 | Create | Organ Gun |
| 32:25 | Create | Organ Gun |
| 32:25 | Create | Organ Gun |
| 32:26 | Create | Organ Gun |
| 32:26 | Create | Organ Gun |
| 32:26 | Create | Organ Gun |
| 32:27 | Create | Organ Gun |
| 32:27 | Create | Organ Gun |
| 32:30 | Build | Farm |
| 32:50 | Create | Organ Gun |
| 32:50 | Create | Organ Gun |
| 33:00 | Build | Farm |
| 33:58 | Build | Mill |
| 34:27 | Create | Villager (Male) |
| 34:28 | Create | Villager (Male) |
| 34:28 | Create | Villager (Male) |
| 35:09 | Build | House |
| 35:18 | Create | Organ Gun |
| 35:18 | Create | Organ Gun |
| 35:19 | Create | Organ Gun |
| 35:19 | Create | Organ Gun |
| 35:19 | Create | Organ Gun |
| 35:29 | Build | House |
| 35:30 | Build | House |
Build order — BALTHA
First 150 of 328 actions detected
| 1:00 | Build | Town Center |
| 2:24 | Build | Mill |
| 2:51 | Build | House |
| 2:52 | Build | House |
| 3:15 | Research | Loom |
| 3:15 | Create | Villager (Male) ×4 |
| 3:15 | Create | Villager (Male) ×4 |
| 4:21 | Build | House |
| 4:58 | Build | House |
| 5:01 | Create | Villager (Male) |
| 5:01 | Create | Villager (Male) |
| 5:31 | Create | Villager (Male) |
| 5:32 | Create | Villager (Male) |
| 5:39 | Create | Villager (Male) |
| 6:18 | Create | Villager (Male) |
| 6:19 | Create | Villager (Male) |
| 7:06 | Create | Villager (Male) |
| 7:07 | Create | Villager (Male) |
| 7:39 | Create | Villager (Male) |
| 8:35 | Build | Lumber Camp |
| 8:38 | Create | Villager (Male) |
| 8:38 | Create | Villager (Male) |
| 8:45 | Create | Villager (Male) |
| 8:46 | Create | Villager (Male) |
| 8:46 | Create | Villager (Male) |
| 9:44 | Build | Farm |
| 9:45 | Build | Farm |
| 10:41 | Build | Farm |
| 11:23 | Research | Feudal Age |
| 11:23 | Research | Feudal Age |
| 11:23 | Research | Feudal Age |
| 11:41 | Build | Mill |
| 11:56 | Create | Villager (Male) |
| 11:56 | Create | Villager (Male) |
| 12:31 | Create | Villager (Male) ×2 |
| 13:33 | Age | Feudal Age |
| 13:39 | Research | Double-Bit Axe |
| 13:47 | Build | Blacksmith |
| 14:25 | Research | Wheelbarrow |
| 14:29 | Create | Villager (Male) |
| 14:29 | Create | Villager (Male) |
| 15:01 | Build | House |
| 15:42 | Build | Market |
| 16:52 | Build | Barracks |
| 16:57 | Create | Villager (Male) |
| 16:58 | Create | Villager (Male) |
| 17:23 | Build | Farm |
| 17:23 | Build | Farm |
| 17:23 | Build | Farm |
| 17:24 | Build | Farm |
| 17:27 | Build | Farm |
| 18:15 | Build | Mining Camp |
| 18:26 | Create | Villager (Male) |
| 18:26 | Create | Villager (Male) |
| 18:27 | Create | Villager (Male) |
| 18:43 | Build | House |
| 20:12 | Research | Castle Age |
| 20:13 | Research | Castle Age |
| 20:33 | Build | Barracks |
| 21:03 | Create | Villager (Male) |
| 21:14 | Create | Villager (Male) |
| 21:27 | Research | Horse Collar |
| 21:39 | Research | Arson |
| 21:53 | Build | House |
| 21:55 | Build | House |
| 21:57 | Build | House |
| 22:27 | Build | Farm |
| 22:39 | Build | Farm |
| 22:52 | Research | Scale Mail Armor |
| 22:52 | Age | Castle Age |
| 23:01 | Build | Monastery |
| 23:22 | Build | Castle |
| 23:46 | Build | University |
| 23:51 | Research | Squires |
| 24:00 | Research | Forging |
| 24:18 | Create | Monk |
| 25:14 | Build | Gate |
| 25:29 | Build | Gate |
| 25:37 | Build | Gate |
| 25:55 | Research | Treadmill Crane |
| 26:12 | Research | Ballistics |
| 26:16 | Research | Chain Mail Armor |
| 26:33 | Create | Villager (Male) ×3 |
| 26:54 | Create | Jaguar Warrior |
| 26:54 | Create | Jaguar Warrior |
| 26:54 | Create | Jaguar Warrior |
| 27:18 | Build | Gate |
| 27:28 | Build | Stone Wall |
| 27:57 | Build | Barracks |
| 28:02 | Create | Jaguar Warrior |
| 28:02 | Create | Jaguar Warrior |
| 28:02 | Create | Jaguar Warrior |
| 28:02 | Create | Jaguar Warrior |
| 28:03 | Create | Jaguar Warrior |
| 28:40 | Build | Lumber Camp |
| 28:45 | Create | Jaguar Warrior ×2 |
| 28:45 | Create | Jaguar Warrior ×2 |
| 28:45 | Create | Jaguar Warrior ×2 |
| 29:10 | Create | Villager (Male) |
| 29:13 | Create | Villager (Male) |
| 29:13 | Create | Villager (Male) |
| 29:21 | Build | Farm |
| 29:21 | Build | Farm |
| 29:21 | Build | Farm |
| 29:53 | Build | Siege Workshop |
| 30:05 | Build | Gate |
| 30:09 | Build | Stone Wall |
| 30:22 | Research | Bow Saw |
| 30:34 | Create | Jaguar Warrior |
| 30:34 | Create | Jaguar Warrior |
| 31:29 | Research | Fervor |
| 31:51 | Create | Battering Ram ×2 |
| 32:45 | Research | Pikeman (upgrade) |
| 32:46 | Create | Spearman ×5 |
| 33:35 | Research | Gambesons |
| 33:37 | Research | Man-at-Arms (upgrade) |
| 34:28 | Build | Town Center |
| 34:35 | Research | Long Swordsman (upgrade) |
| 34:42 | Create | Villager (Male) ×5 |
| 34:47 | Research | Stone Mining |
| 34:49 | Research | Gold Mining |
| 35:06 | Build | Lumber Camp |
| 35:42 | Research | Coinage |
| 36:03 | Create | Battering Ram |
| 36:03 | Create | Battering Ram |
| 36:21 | Create | Villager (Male) ×3 |
| 37:11 | Research | Fortified Wall (upgrade) |
| 37:49 | Build | Castle |
| 37:59 | Create | Villager (Male) |
| 38:00 | Create | Villager (Male) |
| 38:05 | Build | Farm |
| 38:22 | Create | Villager (Male) ×3 |
| 38:32 | Build | Farm |
| 38:32 | Build | Farm |
| 38:32 | Build | Farm |
| 38:35 | Build | Farm |
| 39:09 | Create | Villager (Male) |
| 39:09 | Create | Villager (Male) |
| 39:56 | Build | Siege Workshop |
| 40:09 | Create | Jaguar Warrior ×5 |
| 40:09 | Create | Jaguar Warrior ×5 |
| 40:20 | Create | Villager (Male) |
| 40:20 | Create | Villager (Male) |
| 40:20 | Create | Villager (Male) |
| 40:46 | Create | Battering Ram |
| 40:46 | Create | Battering Ram |
| 40:46 | Create | Battering Ram |
| 40:46 | Create | Battering Ram |
| 41:05 | Research | Iron Casting |
| 41:41 | Create | Battering Ram |
Build order — 噜噜啊噜噜噜噜噜
First 150 of 362 actions detected
| 1:01 | Build | Town Center |
| 2:03 | Build | House |
| 2:06 | Build | House |
| 3:11 | Create | Villager (Male) |
| 3:11 | Create | Villager (Male) |
| 3:12 | Create | Villager (Male) |
| 3:12 | Create | Villager (Male) |
| 3:12 | Create | Villager (Male) |
| 3:17 | Build | House |
| 3:45 | Build | House |
| 3:46 | Build | House |
| 3:52 | Build | Palisade Wall |
| 4:24 | Create | Villager (Male) |
| 4:25 | Create | Villager (Male) |
| 4:54 | Research | Loom |
| 5:20 | Create | Villager (Male) |
| 5:20 | Create | Villager (Male) |
| 5:20 | Create | Villager (Male) |
| 5:48 | Build | House |
| 5:57 | Build | Palisade Wall |
| 6:03 | Create | Villager (Male) |
| 6:03 | Create | Villager (Male) |
| 6:04 | Create | Villager (Male) |
| 6:17 | Create | Villager (Male) |
| 6:17 | Create | Villager (Male) |
| 6:18 | Create | Villager (Male) |
| 6:26 | Create | Villager (Male) |
| 6:27 | Create | Villager (Male) |
| 6:33 | Build | Palisade Gate |
| 7:01 | Create | Villager (Male) |
| 7:01 | Create | Villager (Male) |
| 7:02 | Create | Villager (Male) |
| 7:41 | Create | Villager (Male) |
| 7:42 | Create | Villager (Male) |
| 8:15 | Create | Villager (Male) |
| 8:15 | Create | Villager (Male) |
| 8:15 | Create | Villager (Male) |
| 8:24 | Build | House |
| 8:47 | Create | Villager (Male) |
| 8:47 | Create | Villager (Male) |
| 9:09 | Create | Villager (Male) |
| 9:10 | Create | Villager (Male) |
| 9:10 | Create | Villager (Male) |
| 9:19 | Build | Palisade Wall |
| 9:26 | Build | Palisade Gate |
| 10:03 | Create | Villager (Male) |
| 10:03 | Create | Villager (Male) |
| 10:03 | Create | Villager (Male) |
| 10:04 | Create | Villager (Male) |
| 10:04 | Create | Villager (Male) |
| 10:12 | Create | Villager (Male) |
| 10:12 | Create | Villager (Male) |
| 10:12 | Create | Villager (Male) |
| 10:54 | Create | Villager (Male) |
| 10:54 | Create | Villager (Male) |
| 10:55 | Create | Villager (Male) |
| 10:57 | Create | Villager (Male) |
| 10:57 | Create | Villager (Male) |
| 11:05 | Build | Mill |
| 12:17 | Create | Villager (Male) |
| 12:17 | Create | Villager (Male) |
| 12:24 | Create | Villager (Male) |
| 12:24 | Create | Villager (Male) |
| 12:25 | Create | Villager (Male) |
| 12:25 | Create | Villager (Male) |
| 12:25 | Create | Villager (Male) |
| 12:34 | Create | Villager (Male) |
| 12:34 | Create | Villager (Male) |
| 12:35 | Create | Villager (Male) |
| 12:35 | Create | Villager (Male) |
| 12:35 | Create | Villager (Male) |
| 12:53 | Create | Villager (Male) |
| 12:54 | Create | Villager (Male) |
| 12:54 | Create | Villager (Male) |
| 13:37 | Build | Mining Camp |
| 14:17 | Build | Farm |
| 14:19 | Build | Farm |
| 14:22 | Build | Farm |
| 14:25 | Build | Farm |
| 14:34 | Build | Farm |
| 14:36 | Build | Farm |
| 15:15 | Build | Farm |
| 15:19 | Build | Farm |
| 15:26 | Build | Farm |
| 16:18 | Research | Feudal Age |
| 16:18 | Research | Feudal Age |
| 16:26 | Build | Lumber Camp |
| 18:28 | Age | Feudal Age |
| 18:29 | Research | Wheelbarrow |
| 18:29 | Research | Wheelbarrow |
| 18:38 | Build | Blacksmith |
| 18:46 | Build | Market |
| 18:50 | Build | House |
| 19:27 | Create | Villager (Male) |
| 19:50 | Research | Castle Age |
| 19:56 | Research | Double-Bit Axe |
| 20:09 | Research | Gold Mining |
| 20:10 | Research | Stone Mining |
| 20:47 | Build | House |
| 20:49 | Build | House |
| 20:54 | Build | House |
| 21:18 | Build | Barracks |
| 21:29 | Research | Town Watch |
| 21:33 | Research | Forging |
| 21:34 | Research | Scale Barding Armor |
| 21:34 | Research | Scale Barding Armor |
| 22:23 | Build | Stable |
| 22:31 | Build | House |
| 22:34 | Age | Castle Age |
| 22:37 | Build | Palisade Wall |
| 22:51 | Create | Villager (Male) |
| 22:59 | Build | Town Center |
| 23:17 | Create | Villager (Male) |
| 23:20 | Create | Knight |
| 23:20 | Create | Knight |
| 23:20 | Create | Knight |
| 23:26 | Build | Stable |
| 23:37 | Create | Villager (Male) |
| 23:37 | Create | Villager (Male) |
| 23:42 | Create | Villager (Male) |
| 24:15 | Create | Knight |
| 24:15 | Create | Knight |
| 24:15 | Create | Knight |
| 24:34 | Build | House |
| 24:43 | Create | Villager (Male) |
| 24:44 | Create | Villager (Male) |
| 24:47 | Create | Villager (Male) |
| 24:47 | Create | Villager (Male) |
| 24:47 | Create | Villager (Male) |
| 24:48 | Create | Villager (Male) |
| 24:48 | Create | Villager (Male) |
| 24:49 | Create | Villager (Male) |
| 25:03 | Build | Mining Camp |
| 25:25 | Create | Villager (Male) |
| 25:27 | Create | Villager (Male) |
| 25:27 | Create | Villager (Male) |
| 25:30 | Create | Villager (Male) |
| 25:33 | Create | Villager (Male) |
| 26:07 | Create | Knight |
| 26:10 | Research | Husbandry |
| 26:10 | Research | Light Cavalry (upgrade) |
| 26:11 | Research | Light Cavalry (upgrade) |
| 26:12 | Create | Knight |
| 26:12 | Create | Knight |
| 26:20 | Build | Farm |
| 26:28 | Create | Villager (Male) |
| 26:29 | Create | Villager (Male) |
| 26:29 | Create | Villager (Male) |
| 26:52 | Create | Knight |
| 27:02 | Create | Knight |
Match timeline
| 3:52 | 噜噜啊噜噜噜噜噜 · wall_segment Palisade Wall x4 |
| 5:57 | 噜噜啊噜噜噜噜噜 · wall_segment Palisade Wall x14 |
| 6:19 | alvarorincon10 · first_building Dock |
| 8:39 | carlos_lb · first_building Dock |
| 9:19 | 噜噜啊噜噜噜噜噜 · wall_segment Palisade Wall x12 |
| 9:54 | blader236 · first_building Dock |
| 13:19 | carlos_lb · first_building Barracks |
| 13:27 | alvarorincon10 · first_building Barracks |
| 13:33 | BALTHA · age_up feudal |
| 13:38 | GhetttoOthello · age_up feudal |
| 15:12 | alvarorincon10 · age_up feudal |
| 15:40 | alvarorincon10 · first_building Stable |
| 15:47 | carlos_lb · age_up feudal |
| 15:56 | carlos_lb · first_building Archery Range |
| 16:02 | carlos_lb · first_building Stable |
| 16:11 | GhetttoOthello · first_building Barracks |
| 16:14 | Marvel_123 · age_up feudal |
| 16:29 | 蹲牢里大口干饭 · age_up feudal |
| 16:52 | Marvel_123 · first_building Stable |
| 16:52 | BALTHA · first_building Barracks |
| 16:57 | GhetttoOthello · first_building Stable |
| 18:28 | 噜噜啊噜噜噜噜噜 · age_up feudal |
| 19:05 | Marvel_123 · age_up castle |
| 20:04 | 蹲牢里大口干饭 · age_up castle |
| 20:34 | carlos_lb · age_up castle |
| 20:42 | blader236 · first_building Barracks |
| 21:05 | 蹲牢里大口干饭 · first_building Castle |
| 21:18 | 噜噜啊噜噜噜噜噜 · first_building Barracks |
| 21:24 | BALTHA · first_market_sell 100 wood |
| 21:25 | BALTHA · first_market_buy 100 food |
| 21:57 | 蹲牢里大口干饭 · first_building Monastery |
| 22:04 | blader236 · wall_segment Stone Wall x7 |
| 22:10 | blader236 · wall_segment Stone Wall x3 |
| 22:21 | blader236 · wall_segment Stone Wall x14 |
| 22:23 | 噜噜啊噜噜噜噜噜 · first_building Stable |
| 22:32 | blader236 · wall_segment Stone Wall x17 |
| 22:34 | 噜噜啊噜噜噜噜噜 · age_up castle |
| 22:37 | 噜噜啊噜噜噜噜噜 · wall_segment Palisade Wall x1 |
| 22:44 | blader236 · wall_segment Stone Wall x19 |
| 22:52 | BALTHA · age_up castle |
| 23:01 | BALTHA · first_building Monastery |
| 23:22 | BALTHA · first_building Castle |
| 23:55 | alvarorincon10 · first_market_sell 100 wood |
| 23:58 | alvarorincon10 · first_market_buy 100 food |
| 25:16 | blader236 · wall_segment Stone Wall x18 |
| 26:12 | GhetttoOthello · wall_segment Palisade Wall x8 |
| 26:26 | carlos_lb · first_building Siege Workshop |
| 26:44 | blader236 · wall_segment Stone Wall x12 |
| 26:50 | blader236 · wall_segment Stone Wall x5 |
| 26:59 | blader236 · wall_segment Stone Wall x15 |
| 27:28 | BALTHA · wall_segment Stone Wall x3 |
| 27:56 | 噜噜啊噜噜噜噜噜 · first_building Siege Workshop |
| 28:08 | alvarorincon10 · age_up castle |
| 28:58 | 噜噜啊噜噜噜噜噜 · first_building Castle |
| 29:34 | GhetttoOthello · age_up castle |
| 29:39 | blader236 · first_building Archery Range |
| 29:53 | BALTHA · first_building Siege Workshop |
| 30:06 | alvarorincon10 · first_building Castle |
| 30:09 | BALTHA · wall_segment Stone Wall x2 |
| 32:16 | carlos_lb · first_building Castle |
| 32:17 | BALTHA · tribute_sent a jugador 1 |
| 32:17 | BALTHA · tribute_sent a jugador 2 |
| 32:17 | BALTHA · tribute_sent a jugador 3 |
| 32:17 | BALTHA · tribute_sent a jugador 4 |
| 32:17 | BALTHA · tribute_sent a jugador 5 |
| 32:17 | BALTHA · tribute_sent a jugador 6 |
| 32:17 | BALTHA · tribute_sent a jugador 8 |
| 32:24 | blader236 · first_market_sell 100 food |
| 33:55 | GhetttoOthello · first_building Siege Workshop |
| 35:10 | 噜噜啊噜噜噜噜噜 · wall_segment Stone Wall x1 |
| 37:00 | GhetttoOthello · first_building Castle |
| 38:10 | carlos_lb · first_market_buy 100 food |
| 39:34 | BALTHA · tribute_sent a jugador 1 |
| 39:34 | BALTHA · tribute_sent a jugador 2 |
| 39:34 | BALTHA · tribute_sent a jugador 3 |
| 39:34 | BALTHA · tribute_sent a jugador 4 |
| 39:34 | BALTHA · tribute_sent a jugador 5 |
| 39:34 | BALTHA · tribute_sent a jugador 6 |
| 39:34 | BALTHA · tribute_sent a jugador 8 |
| 39:36 | blader236 · first_market_buy 100 wood |
| 39:42 | Marvel_123 · first_market_buy 100 wood |
| 40:16 | 蹲牢里大口干饭 · age_up imperial |
| 40:39 | Marvel_123 · age_up imperial |
| 40:50 | 蹲牢里大口干饭 · first_market_buy 100 stone |
| 41:25 | carlos_lb · age_up imperial |
| 43:30 | BALTHA · wall_segment Stone Wall x4 |
| 44:42 | blader236 · first_building Siege Workshop |
| 47:18 | 噜噜啊噜噜噜噜噜 · first_market_sell 100 wood |
| 47:56 | 噜噜啊噜噜噜噜噜 · first_market_buy 100 stone |
| 48:12 | Marvel_123 · first_market_sell 100 food |
| 48:39 | Marvel_123 · first_building Siege Workshop |
| 50:35 | 噜噜啊噜噜噜噜噜 · age_up imperial |
| 51:24 | 噜噜啊噜噜噜噜噜 · resign |
| 52:55 | BALTHA · age_up imperial |
| 54:19 | blader236 · first_building Castle |
| 54:52 | Marvel_123 · first_building Castle |
| 55:46 | BALTHA · tribute_sent a jugador 1 |
| 55:46 | BALTHA · tribute_sent a jugador 2 |
| 55:46 | BALTHA · tribute_sent a jugador 3 |
| 55:46 | BALTHA · tribute_sent a jugador 4 |
| 55:46 | BALTHA · tribute_sent a jugador 5 |
| 55:46 | BALTHA · tribute_sent a jugador 6 |
| 55:46 | BALTHA · tribute_sent a jugador 8 |
| 55:49 | blader236 · first_building Stable |
| 56:03 | carlos_lb · tribute_sent a jugador 1 |
| 56:03 | carlos_lb · tribute_sent a jugador 2 |
| 56:03 | carlos_lb · tribute_sent a jugador 3 |
| 56:03 | carlos_lb · tribute_sent a jugador 4 |
| 56:03 | carlos_lb · tribute_sent a jugador 6 |
| 56:03 | carlos_lb · tribute_sent a jugador 7 |
| 56:03 | carlos_lb · tribute_sent a jugador 8 |
| 68:53 | Marvel_123 · first_building Dock |
| 70:26 | BALTHA · first_building Dock |
[ AI ANALYSIS · 1 CREDIT ]
What really happened in this match?
Wolo.gg analyzes every decision: build order, eco, micro, common mistakes by bracket. Personalized analysis on WhatsApp or Discord in 30 seconds.
Civ guide
Teutons
Perfil
Jugador #73642